 Dungeon Crawl Stone Soup version 0.26-a0-752-gcff87cac9a (webtiles) character file.

Game seed: 6942503660843733292

42 Antenora the Skirmisher (level 3, 0/30 HPs)
             Began as a Demonspawn Abyssal Knight on Nov 6, 2020.
             Was a Follower of Lugonu.
             Slain by an adder (1 damage)
             ... on level 2 of the Dungeon.
             The game lasted 00:05:09 (1196 turns).

Antenora the Skirmisher (Demonspawn Abyssal Knight) Turns: 1196, Time: 00:05:10

Health: 0/30       AC:  3    Str: 13    XL:     3   Next: 33%
Magic:  5/5        EV: 11    Int: 13    God:    Lugonu [*.....]
Gold:   17         SH:  0    Dex: 12    Spells: 2/2 levels left

rFire    . . .     SeeInvis .   a - +1 falchion
rCold    . . .     Faith    .   (no shield)
rNeg     . . .     Spirit   .   b - +0 leather armour
rPois    .         Reflect  .   (no helmet)
rElec    .         Harm     .   (no cloak)
rCorr    .         Rampage  .   (no gloves)
MR       .....                  (no boots)
Stlth    +.........             (no amulet)
HPRegen  0.10/turn              (no ring)
MPRegen  0.09/turn              (no ring)

@: lethally poisoned (0 -> -6)
A: hooves 1, rot immunity
a: Depart the Abyss, Renounce Religion


You were on level 2 of the Dungeon.
You worshipped Lugonu.
Lugonu was aware of your devotion.
You visited 1 branch of the dungeon, and saw 2 of its levels.
You visited the Abyss 1 time.

You collected 17 gold pieces.

Inventory:

Hand Weapons
 a - a +1 falchion (weapon)
Armour
 b - a +0 leather armour (worn)
Scrolls
 d - a scroll of teleportation {unknown}


   Skills:
 + Level 3.6 Fighting
 + Level 2.3 Long Blades
 + Level 2.1 Armour
 + Level 1.0 Dodging
 * Level 2.8 Invocations


You had 2 spell levels left.
You didn't know any spells.
Your spell library was empty.

Dungeon Overview and Level Annotations

Branches:
Dungeon (2/15)

Altars:


Innate Abilities, Weirdness & Mutations

You have large cloven feet.
You are immune to rotting.


Message History

The adder bites you.
* * * LOW HITPOINT WARNING * * *
You are poisoned.
The adder poisons you!
You feel sick.
You miss the adder. The adder bites you but does no damage.
The adder barely misses you.
You barely miss the adder. The adder bites you.
* * * LOW HITPOINT WARNING * * *
You are lethally poisoned!
The adder poisons you!
You closely miss the adder.
* * * LOW HITPOINT WARNING * * *
You feel sick. The adder barely misses you. The adder bites you.
* * * LOW HITPOINT WARNING * * *
You barely miss the adder. You kick the adder.
The adder is moderately wounded.
* * * LOW HITPOINT WARNING * * *
You feel sick. The adder bites you.
You die...

##### #.... #.### #....
########### #..## #.........#
#..#. #.#######.# #....
###.####S##...##.####....
........@##............#.
###.###..##...##.####.#.#
#..###.###.# ##.## #
#..........# #### #.
#.####..#<## ##. #. ## #.#
#..#.#### ##.. #..#.## #[#
...#....###...
##.....####.##.#######.##....
+.................#.....'....


You could see an adder.

Vanquished Creatures
  3 adders (D:2)
  A bat (D:1)
  A giant cockroach (D:1)
  2 hobgoblins
  2 frilled lizards
  2 goblins (D:1)
  3 kobolds
  3 rats (D:2)
17 creatures vanquished.

Notes
Turn   | Place    | Note
-------+----------+-------------------------------------------
     0 | Abyss:1  | Antenora the Demonspawn Abyssal Knight began the quest for
                  | the Orb.
     0 | Abyss:1  | Reached XP level 1. HP: 18/18 MP: 2/2
    39 | Abyss:1  | Noticed a raiju
    41 | D:1      | Escaped the Abyss
   749 | D:2      | Gained mutation: You are immune to rotting. [demonic
                  | ancestry]
   749 | D:2      | Reached XP level 2. HP: 22/24 MP: 3/3
   795 | D:2      | Reached * piety under Lugonu
   948 | D:2      | Reached skill level 1 in Dodging
   991 | D:2      | HP: 1/24 [adder (3)]
   996 | D:2      | Gained mutation: You have large cloven feet. [demonic
                  | ancestry]
   996 | D:2      | Reached XP level 3. HP: 8/29 MP: 5/5
  1196 | D:2      | HP: 1/30 [poisoned by an adder]
  1196 | D:2      | Slain by an adder

Illustrated notes

Levels and vault maps discovered:
D:1:      erik_arrival_cave_to_civilisation [erik_arrival_cave_to_hall],
          layout_basic
D:2:      minmay_evil_eye, layout_loops_corners, lemuel_round_altar

Skill      XL: |  1  2 |
---------------+-------+-----
Long Blades    | 2 |  2.3
Dodging        | 1 |  1.0
Armour         | 2 |  2.1
Fighting       | |  3.6
Invocations    | |  2.8

Action                   || total
-------------------------++-------
Melee: Falchion          ||    60
       Kick              ||     2
Invok: Depart the Abyss  ||     1
  Use: Potion            ||     4
       Scroll            ||     1
Armor: Leather armour    ||    15
Dodge: Dodged            ||    49
       Rpst.: Falchion   ||    17

Table legend: (Time is in decaauts)
 A = Elapsed time spent in this place.
 B = Non-inter-level travel time spent in this place.
 C = Inter-level travel time spent in this place.
 D = Time resting spent in this place.
 E = Time spent auto-exploring this place.
 F = Levels seen in this place.
 G = Mean time per level.
                   A        B        C        D        E       F      G
               +--------+--------+--------+--------+--------+-----+--------+
         Total |   1207 |   1196 |     11 |    235 |      0 |   3 |  402.3 |
       Dungeon |   1166 |   1155 |     11 |    235 |      0 |   2 |  583.0 |
         Abyss |     41 |     41 |      0 |      0 |      0 |   1 |   41.0 |
               +--------+--------+--------+--------+--------+-----+--------+

Top non-repeatable levels by time:
     D:1: 682 daAuts
     D:2: 484 daAuts
 Abyss:1: 41 daAuts
